 Dungeon Crawl Stone Soup version 0.27-a0-906-g0a00ce863d (webtiles) character file.

Game seed: 6859564443633531926

22 nicknak712 the Sneak (level 2, -1/13 HPs)
             Began as a Spriggan Enchanter on Nov 4, 2020.
             Slain by a goblin
             ... wielding a +0 dagger
              (2 damage)
             ... on level 2 of the Dungeon on Apr 6, 2021.
             The game lasted 00:10:38 (1443 turns).

nicknak712 the Sneak (Spriggan Enchanter)           Turns: 1443, Time: 00:10:39

Health: -1/13      AC:  2    Str:  4    XL:     2   Next: 68%
Magic:  3/7        EV: 17    Int: 16    God:
Gold:   11         SH:  0    Dex: 16    Spells: 4/7 levels left

rFire    + . .     SeeInvis +   a - +1 dagger
rCold    x . .     Faith    .   (shield restricted)
rNeg     . . .     Spirit   .   b - +0 robe
rPois    .         Reflect  .   (helmet restricted)
rElec    .         Harm     .   (no cloak)
rCorr    .         Rampage  .   (gloves unavailable)
Will     .....                  (boots unavailable)
Stlth    +++.......             (no amulet)
HPRegen  0.04/turn              j - ring of fire
MPRegen  0.10/turn              (no ring)

@: mighty, very quick
A: very small, no large weapons, unfitting armour, see invisible, speed 3
a: no special abilities


You were on level 2 of the Dungeon.
You visited 1 branch of the dungeon, and saw 2 of its levels.

You collected 11 gold pieces.

Inventory:

Hand Weapons
 a - a +1 dagger (weapon)
Armour
 b - a +0 robe (worn)
Jewellery
 j - a ring of fire (left hand)
Scrolls
 e - a scroll of removedness
 i - a scroll of magic mapping {unknown}
Potions
 c - 3 potions of curing {unknown}
 d - a potion of ambrosia {unknown}
 g - a potion of haste {unknown}
 h - a potion of degeneration {unknown}


   Skills:
 + Level 1.5 Short Blades
 + Level 3.1 Dodging
 * Level 4.9 Stealth
 + Level 3.0 Spellcasting
 + Level 3.9 Hexes


You had 4 spell levels left.
You knew the following spells:

 Your Spells              Type           Power      Damage    Failure   Level
a - Corona                Hex            15%        N/A       3%          1
b - Ensorcelled Hibernat  Hex/Ice        16%        N/A       13%         2

Your spell library contained the following spells:

 Spells                   Type           Power      Damage    Failure   Level
 Confusing Touch          Hex            14%        N/A       11%         3
 Tukima's Dance           Hex            14%        N/A       11%         3
 Dazzling Flash           Conj/Hex       16%        N/A       26%         3


Dungeon Overview and Level Annotations

Branches:
Dungeon (2/15)

Altars:


Innate Abilities, Weirdness & Mutations

You are very small and have problems with some larger weapons.
You are too small for most types of armour.
You have supernaturally acute eyesight. (SInv)
You cover ground extremely quickly. (Speed+++)


Message History

Casting: Corona (safe; 3% risk of failure)
Confirm with . or Enter, or press ? or * to list all spells.
Aiming: Ensorcelled Hibernation (safe; 13% risk of failure)
Press: ? - help, Shift-Dir - straight line, f - goblin, p - goblin
Aim: a goblin, wielding a +0 dagger (chance to affect: 57%)
The goblin looks drowsy...
The bat closely misses you. The goblin completely misses you.
You hit the goblin.
You kill the goblin!
The bat closely misses you. The bat closely misses you.
You hit the bat.
The bat is heavily wounded.
The goblin shouts!
The bat closely misses you. The bat hits you but does no damage.
You hit the goblin.
The goblin is moderately wounded.
The bat misses you. x2
You barely miss the goblin.
The goblin is moderately wounded.
The bat barely misses you. The goblin hits you with a +0 dagger.
* * * LOW HITPOINT WARNING * * *
The bat closely misses you.
Casting: Ensorcelled Hibernation (safe; 13% risk of failure)
Confirm with . or Enter, or press ? or * to list all spells.
Aiming: Ensorcelled Hibernation (safe; 13% risk of failure)
Press: ? - help, Shift-Dir - straight line, f/p - goblin
Aim: a goblin, wielding a +0 dagger (moderately wounded, not susceptible)
The goblin is unaffected.
The bat misses you. The goblin hits you with a +0 dagger.
* * * LOW HITPOINT WARNING * * *
The bat completely misses you.
You are too injured to fight recklessly!
You are too injured to fight recklessly!
It was a potion of might.
You feel very mighty all of a sudden. The bat misses you.
The goblin closely misses you.
A kobold comes into view. It is wielding a +0 club.
You closely miss the goblin. The goblin hits you with a +0 dagger.
You die...

########## #........#
#.......)#####
#.....b@.....#
#......g....... ##
#.............#
####..##............##
.......<..##...#....#
....#####.##.........K
. #.##..........
#.##....>..... #.#
..g..


You could see a goblin, a bat and a kobold (wandering).

Vanquished Creatures
  A dart slug (D:1)
  4 bats (D:1)
  A giant cockroach (D:1)
  3 goblins
  A hobgoblin (D:1)
  2 ball pythons (D:1)
  3 frilled lizards (D:1)
  2 kobolds (D:1)
  4 rats (D:1)
21 creatures vanquished.

Vanquished Creatures (others)
  A plant (D:1)
1 creature vanquished.

Grand Total: 22 creatures vanquished

Notes
Turn   | Place    | Note
-------+----------+-------------------------------------------
     0 | D:1      | nicknak712 the Spriggan Enchanter began the quest for the
                  | Orb.
     0 | D:1      | Reached XP level 1. HP: 9/9 MP: 5/5
   684 | D:1      | Reached XP level 2. HP: 13/13 MP: 6/6
  1123 | D:1      | Upgraded the game from 0.26-a0-720-g2a1d101370 to
                  | 0.27-a0-906-g0a00ce863d
  1126 | D:1      | Learned a level 2 spell: Ensorcelled Hibernation
  1443 | D:2      | Slain by a goblin

Illustrated notes

Levels and vault maps discovered:
D:1:      tarquinn_simple_flora_water_d, layout_loops_ring
D:2:      layout_rooms, basic_altar, minmay_pentomino_p2

Skill      XL: |  1  2 |
---------------+-------+-----
Spellcasting   | 3 |  3.0
Short Blades   | |  1.5
Dodging        | |  3.1
Stealth        | |  4.9
Hexes          | |  3.9

Action                   || total
-------------------------++-------
Melee: Dagger            ||    58
 Cast: Corona            ||     6
       Ensorcelled Hiber ||     2
  Use: Potion            ||     1
 Stab: Sleeping          ||     8
       Distracted        ||     1
Armor: Robe              ||     5
Dodge: Dodged            ||    76

Table legend: (Time is in decaauts)
 A = Elapsed time spent in this place.
 B = Non-inter-level travel time spent in this place.
 C = Inter-level travel time spent in this place.
 D = Time resting spent in this place.
 E = Time spent auto-exploring this place.
 F = Levels seen in this place.
 G = Mean time per level.
                   A        B        C        D        E       F      G
               +--------+--------+--------+--------+--------+-----+--------+
         Total |   1035 |   1007 |     28 |      0 |    277 |   2 |  517.5 |
       Dungeon |   1035 |   1007 |     28 |      0 |    277 |   2 |  517.5 |
               +--------+--------+--------+--------+--------+-----+--------+

Top non-repeatable levels by time:
     D:1: 1016 daAuts
     D:2: 19 daAuts
